 Dungeon Crawl Stone Soup version 0.23.0-2-g0fe3ce5 (webtiles) character file.

Game seed: 13287519497969341595

203 doot the Digger (level 5, -7/28 HPs)
             Began as a Gargoyle Earth Elementalist on Feb 19, 2019.
             Mangled by a gnoll
             ... wielding a +2 spear of piercing
              (8 damage)
             ... on level 4 of the Dungeon.
             The game lasted 00:05:41 (1251 turns).

doot the Digger (Gargoyle Earth Elementalist)       Turns: 1251, Time: 00:05:42

Health: -7/28      AC:  7    Str: 11    XL:     5   Next: 81%
Magic:  10/10      EV: 12    Int: 17    God:
Gold:   54         SH:  0    Dex: 10    Spells: 1/10 levels left

rFire    . . .     SeeInvis .   i - +2 falchion (drain)
rCold    . . .     Gourm    .   (no shield)
rNeg     + . .     Faith    .   c - +0 robe
rPois    ∞         Spirit   .   (no helmet)
rElec    +         Reflect  .   j - +0 cloak
rCorr    .         Harm     .   (no gloves)
MR       .....                  (no boots)
Stlth    ++........             (no amulet)
HPRegen  0.09/turn              (no ring)
MPRegen  0.12/turn              (no ring)

@: no status effects
A: negative energy resistance 1, electricity resistance, unbreathing,
petrification resistance, rot immunity, AC +4
a: no special abilities


You were on level 4 of the Dungeon.
You were not hungry.

You visited 1 branch of the dungeon, and saw 4 of its levels.

You collected 54 gold pieces.

Inventory:

Hand Weapons
 e - a +0 whip
 f - a +2 quarterstaff of chaos
 i - a +2 falchion of draining (weapon)
Missiles
 b - 33 stones (quivered)
Armour
 c - a +0 robe (worn)
 j - a +0 cloak (worn)
Scrolls
 a - 2 scrolls of remove curse {unknown}
 g - 2 scrolls of identify {unknown}
 k - a scroll of fog {unknown}
 m - a scroll of random uselessness {unknown}
 n - 2 scrolls of teleportation {unknown}
 p - a scroll of enchant weapon {unknown}
Potions
 h - 2 potions of degeneration {unknown}
 o - a potion of brilliance {unknown}
Comestibles
 d - a ration
 l - 6 chunks of flesh


   Skills:
 + Level 0.4 Long Blades
 + Level 2.1 Dodging
 + Level 3.3 Stealth
 + Level 3.3 Spellcasting
   Level 0.7 Transmutations
 + Level 5.5 Earth Magic


You had one spell level left.
You knew the following spells:

 Your Spells              Type           Power        Failure   Level  Hunger
a - Sandblast             Erth           ###...       1%          1    None
b - Stone Arrow           Conj/Erth      ##....       16%         3    ###....
c - Lee's Rapid Deconstr  Erth           ###.......   43%         5    ######.

Your spell library contained the following spells:

 Spells                   Type           Power        Failure   Level  Hunger
 Passwall                 Tmut/Erth      ##......     7%          2    ##.....
 Petrify                  Tmut/Erth      ##......     43%         4    ####...


Dungeon Overview and Level Annotations

Branches:
Dungeon (4/15)             Temple (0/1) D:4

Altars:
Dithmenos


Innate Abilities, Weirdness & Mutations

You are resistant to torment.
Your stone body is resilient. (AC +4)
You are immune to poison.
You resist negative energy. (rN+)
You are resistant to electric shocks. (rElec)
You can survive without breathing.
You are immune to petrification.
You are immune to rotting.


Message History

The gnoll hits you from afar with a +2 spear of piercing.
Unknown command.
You rip the net and break free!
The gnoll hits you but does no damage. The gnoll hits you with a +0 whip.
* * * LOW HITPOINT WARNING * * *
The gnoll shaman calls upon its god to speed up the gnoll.
The gnoll seems to speed up.
The gnoll barely misses you. The orc hits you but does no damage.
The gnoll barely misses you.
Unknown command.
The gnoll barely misses you. The gnoll hits you but does no damage.
The gnoll hits you from afar with a +0 spear.
* * * LOW HITPOINT WARNING * * *
The gnoll shaman calls upon its god to speed up the gnoll.
The gnoll seems to speed up.
The orc wizard mumbles some strange words.
The orc wizard seems to speed up.
The gnoll hits you with a +1 flail of protection.
* * * LOW HITPOINT WARNING * * *
The gnoll hits you from afar with a +2 spear of piercing!
You die...

..##.## ###.....##### .
#...........# ..
#.#.#.#.#.#.## ...
#............# ...
##.#..gg...#..# ...
#.....gg......#### #..
...#oog@...#.....### #..
.o..o.o............# #.
...#.......#.......# #
........(.......>..## #
...#.#.#.#.#........# #
....................####
.....###................
..... #..#...........###
.......####......<..## #


You could see a gnoll shaman, 3 orc wizards, 4 gnolls and 2 orcs.

Vanquished Creatures
  Crazy Yiuf (D:2)
  2 orc priests (D:3)
  Terence (D:2)
  An iguana (D:3)
  2 adders
  3 leopard geckos
  7 orcs
  3 bats
  3 giant cockroaches
  4 goblins
  A hobgoblin (D:1)
  4 jackals (D:3)
  A ball python (D:2)
  A frilled lizard (D:1)
  3 kobolds
  A rat (D:1)
38 creatures vanquished.

Notes
Turn   | Place    | Note
-------+----------+-------------------------------------------
     0 | D:1      | doot the Gargoyle Earth Elementalist began the quest for
                  | the Orb.
     0 | D:1      | Reached XP level 1. HP: 10/10 MP: 3/3
   162 | D:1      | Reached skill level 4 in Earth Magic
   226 | D:1      | Reached XP level 2. HP: 15/15 MP: 1/5
   564 | D:2      | Found a runed translucent door.
   565 | D:2      | Noticed Crazy Yiuf
   571 | D:2      | Killed Crazy Yiuf
   571 | D:2      | Reached XP level 3. HP: 18/19 MP: 2/6
   588 | D:2      | Noticed Terence
   608 | D:2      | Killed Terence
   608 | D:2      | Reached XP level 4. HP: 15/24 MP: 1/8
   718 | D:2      | Found a shadowy altar of Dithmenos.
   958 | D:2      | Reached skill level 5 in Earth Magic
  1009 | D:3      | Reached XP level 5. HP: 25/28 MP: 5/9
  1015 | D:3      | Learned a level 3 spell: Stone Arrow
  1021 | D:3      | Learned a level 5 spell: Lee's Rapid Deconstruction
  1237 | D:4      | Found a staircase to the Ecumenical Temple.
  1251 | D:4      | HP: 1/28 [gnoll/+1 flail of protection (6)]
  1251 | D:4      | Mangled by a gnoll

Skill      XL: |  1  2  3  4 |
---------------+-------------+-----
Earth Magic    | 4 5 |  5.5
Dodging        | 2 |  2.1
Spellcasting   | 3 |  3.3
Stealth        | 3 |  3.3
Long Blades    | |  0.4
Transmutations | |  0.7

Action                   |  1- 3 |  4- 6 || total
-------------------------+-------+-------++-------
Melee: Whip              |     2 |       ||     2
       Falchion          |     7 |    32 ||    39
 Cast: Sandblast         |    21 |    17 ||    38
       Lee's Rapid Decon |       |     1 ||     1
  Eat: Chunk             |       |     2 ||     2
Armor: Robe              |     3 |    22 ||    25
Dodge: Dodged            |    14 |    41 ||    55
       Rpst.: Falchion   |     5 |    15 ||    20
